Map: [ESL] Gresvan

Players

Bunny - Winner!

  • Race: Terran Terran
  • Spawn Location: 5:00

Maru

  • Race: Terran Terran
  • Spawn Location: 11:00

Event: ESL SC2 Masters 2023 Summer (Finals)

VOD

Have the link to the VOD?

Description

Time

  • Played on: June 16, 2023, 10:11 a.m.
  • Length: 7:48

All games in this series

Show
View Real Time Build Order
Export as new Build Order

Bunny Terran - Winner!

Build Orders:  

Get SALT Encoding   

  12  0:00  SCV  
  13  0:12  SCV  
  14  0:17  Supply Depot  
  14  0:24  SCV  
  15  0:39  Barracks, SCV  
  15  0:42  Refinery  
  16  0:51  SCV  
  16  0:52  Refinery  
  17  1:03  SCV  
  18  1:15  SCV  
  19  1:25  Reaper  
  19  1:27  Orbital Command  
  19  1:31  Supply Depot  
  20  1:42  Factory  
  20  1:52  SCV  
  21  1:57  Marine  
  22  2:04  SCV  
  23  2:15  Marine  
  23  2:16  SCV  
  25  2:27  Hellion  
  25  2:29  SCV  
  28  2:30  Supply Depot  
  28  2:33  Marine  
  29  2:43  SCV  
  30  2:52  Hellion  
  32  2:58  SCV, Command Center  
  32  3:02  Supply Depot  
  33  3:07  Marine  
  33  3:11  SCV  
  35  3:19  Hellion  
  37  3:26  Starport  
  36  3:30  Barracks Reactor  
  36  3:31  SCV  
  37  3:40  Factory Tech Lab  
  37  3:43  SCV  
  38  3:50  Supply Depot  
  38  3:56  SCV  
  38  4:00  Cyclone  
  42  4:03  Medivac  
  42  4:06  Marine x2  
  42  4:08  SCV  
  46  4:20  SCV  
  47  4:24  Marine x2  
  49  4:32  Siege Tank  
  49  4:33  Orbital Command  
  52  4:42  Starport Tech Lab  
  52  4:43  Marine x2  
  52  4:44  SCV  
  55  4:53  Refinery  
  55  4:57  SCV  
  56  5:00  Raven, Marine  
  56  5:01  Marine  
  56  5:02  SCV  
  56  5:06  Supply Depot  
  61  5:09  SCV  
  61  5:10  Siege Tank  
  61  5:14  SCV  
  64  5:31  SCV x2, Command Center  
  66  5:36  Raven, Marine  
  66  5:37  Marine  
  66  5:42  Siege Tank  
  66  5:50  SCV x2  
  66  5:54  Marine x2  
  70  6:02  SCV x2, Refinery  
  70  6:14  SCV  
  70  6:15  Siege Tank  
  75  6:19  Viking, Supply Depot  
  75  6:21  Barracks x2, Viking  
  78  6:40  Marine, SCV x2  
  81  6:47  Siege Tank  
  81  6:48  Engineering Bay x2  
  81  6:49  Viking  
  81  6:52  SCV x2  
  81  6:53  Viking  
  90  7:02  Marine  
  90  7:04  SCV x2  
  90  7:05  Orbital Command  
  93  7:16  Barracks Reactor x2  
Show
View Real Time Build Order
Export as new Build Order

Maru Terran 

Build Orders:  

Get SALT Encoding   

  12  0:00  SCV  
  13  0:15  Supply Depot  
  13  0:17  SCV  
  14  0:37  Barracks  
  14  0:41  Refinery  
  14  0:53  Barracks  
  14  0:58  SCV  
  15  1:10  SCV  
  16  1:24  Orbital Command, Reaper  
  17  1:31  Refinery  
  17  1:40  Reaper  
  18  1:50  SCV  
  19  1:58  Reaper  
  20  2:02  SCV  
  20  2:08  Supply Depot  
  21  2:13  Reaper  
  21  2:14  SCV  
  23  2:29  SCV  
  23  2:30  Reaper  
  23  2:35  Factory  
  24  2:41  SCV  
  25  2:46  Reaper  
  26  2:53  SCV  
  26  3:05  SCV  
  26  3:09  Command Center  
  27  3:16  Supply Depot  
  27  3:18  SCV, Reaper  
  29  3:26  Hellion  
  31  3:36  Starport  
  31  3:38  SCV  
  32  3:47  Hellion  
  34  3:50  SCV  
  35  4:02  SCV  
  35  4:09  Factory Tech Lab  
  35  4:14  SCV  
  36  4:23  Starport Tech Lab  
  36  4:26  SCV  
  36  4:30  Orbital Command  
  37  4:34  Cyclone  
  40  4:39  SCV  
  40  4:42  Command Center  
  40  4:47  Raven  
  40  4:51  SCV  
  43  4:55  Barracks  
  43  4:56  SCV  
  44  5:03  SCV  
  45  5:07  Cyclone  
  45  5:08  SCV  
  45  5:13  Barracks Reactor  
  49  5:14  Supply Depot  
  49  5:15  SCV  
  49  5:20  SCV  
  51  5:23  Raven  
  51  5:27  SCV  
  49  5:32  SCV  
  50  5:39  SCV  
  49  5:45  SCV  
  45  5:50  Marine x2  
  45  5:51  SCV  
  48  5:57  Orbital Command, SCV  
  48  6:03  SCV  
  49  6:06  Marine  
  49  6:08  Marine  
  49  6:09  SCV  
  52  6:11  Refinery  
  52  6:15  SCV  
  52  6:18  Siege Tank  
  56  6:21  SCV  
  56  6:23  SCV  
  58  6:28  SCV, Starport Reactor  
  58  6:31  Refinery  
  59  6:33  SCV  
  59  6:36  SCV  
  59  6:38  Marine  
  61  6:40  SCV  
  61  6:45  SCV  
  59  6:48  SCV  
  59  6:51  Siege Tank  
  59  6:52  SCV  
  64  6:54  Barracks, Viking  
  64  6:57  SCV  
  64  6:58  Viking  
  64  6:59  Supply Depot  
  64  7:00  SCV  
  70  7:04  SCV, Barracks Reactor  
  70  7:05  Marine  
  72  7:09  SCV  
  72  7:12  SCV  
  72  7:13  Engineering Bay  
  72  7:14  Engineering Bay  
  74  7:16  SCV  
  74  7:21  SCV  
  76  7:23  Marine  
  80  7:33  SCV  
  80  7:34  SCV  
Tags
 
Add a new tag
Caveats
  • Supply blocks, unpowered buildings, or Contaminate may cause inaccurate times.
  • Supply counts are checked every 10 seconds.